 Dungeon Crawl Stone Soup version 0.30-a0-424-g7412bad402 (webtiles) character file.

Game seed: 18377912212982792124

114 cforsyth the Trooper (level 4, -3/41 HPs)
             Began as a Minotaur Berserker on Dec 9, 2022.
             Was a Believer of Trog.
             Slain by Grinder (5 damage)
             ... on level 3 of the Dungeon.
             The game lasted 00:02:48 (2179 turns).

cforsyth the Trooper (Minotaur Berserker)           Turns: 2179, Time: 00:02:49

Health: -3/41      AC:  2    Str: 23    XL:     4   Next: 66%
Magic:  3/3        EV: 12    Int:  4    God:    Trog [**....]
Gold:   277        SH:  0    Dex: 10    Spells: 3/3 levels left

rFire   . . .      SeeInvis .    a - +0 spear
rCold   . . .      Faith    .    (no shield)
rNeg    . . .      Spirit   .    b - +0 animal skin
rPois   +          Reflect  .    (helmet restricted)
rElec   .          Harm     .    (no cloak)
rCorr   .          Rampage  .    (no gloves)
Will    .....                    (no boots)
Stlth   +.........               (no amulet)
HPRegen 0.26/turn                e - ring of poison resistance
MPRegen 0.08/turn                (no ring)

@: on berserk cooldown, slowed, very slow
A: horns 2, retaliatory headbutt
a: Renounce Religion, Berserk, Trog's Hand


You were on level 3 of the Dungeon.
You worshipped Trog.
Trog was pleased with you.
You visited 1 branch of the dungeon, and saw 3 of its levels.

You collected 277 gold pieces.

Inventory:

Hand Weapons
 a - a +0 spear (weapon)
Armour
 b - a +0 animal skin (worn)
Jewellery
 e - a ring of poison resistance (left hand)
Scrolls
 c - a scroll of brand weapon {unknown}
 f - 3 scrolls of magic mapping {unknown}
 i - 3 scrolls of identify {unknown}
 k - a scroll of teleportation {unknown}
 m - 3 scrolls of noise {unknown}
Potions
 d - a potion of berserk rage {unknown}
 g - a potion of attraction {unknown}
 h - a potion of heal wounds {unknown}
 j - a potion of lignification {unknown}
 l - a potion of flight {unknown}


   Skills:
 + Level 4.5 Fighting
 + Level 4.5 Polearms
 + Level 3.5 Armour
 + Level 3.3 Dodging


You had 3 spell levels left.
You didn't know any spells.
Your spell library was empty.

Dungeon Overview and Level Annotations

Branches:
Dungeon (3/15)

Altars:

Shops:
D:3 (

Annotations:
D:3 Grinder


Innate Abilities, Weirdness & Mutations

You have a pair of horns on your head.
You reflexively headbutt those who attack you in melee.


Message History

Grinder barely misses you.
You hit Grinder.
Grinder is heavily wounded.
Grinder gestures at you.
You suddenly lose the ability to move!
Grinder gestures at you. Pain shoots through your body!
Grinder says, "What is the universe for?"
Grinder hits you.
You writhe in agony.
Grinder hits you.
Grinder blinks!
You can move again.
You feel a strong urge to attack something.
You are no longer berserk.
You are exhausted.
You feel yourself slow down. Grinder hits you.
You writhe in agony.
Unknown command.
You closely miss Grinder.
Grinder is heavily wounded.
Grinder hits you.
You hit Grinder but do no damage. Your headbutt misses Grinder.
Grinder is heavily wounded.
Grinder barely misses you. Grinder hits you.
Unknown command.
You hit Grinder but do no damage. Your headbutt misses Grinder.
You punch Grinder.
Grinder is heavily wounded.
Grinder hits you!
* * * LOW HITPOINT WARNING * * *
You writhe in agony.
* * * LOW HITPOINT WARNING * * *
You hit Grinder.
Grinder is severely wounded.
Grinder gestures at you. Pain shoots through your body!
* * * LOW HITPOINT WARNING * * *
You closely miss Grinder.
Grinder is severely wounded.
Grinder hits you.
You die...

#.# ##...## #.#
#.# #.#
######'### ###
#.# #.# #.#
#........# #..
..# #.# #.#
#.####)#.# #.#
### #.# #)#
##.#.####.# #.#
#.#
.###......##.#
#.. #..
.........#.##.#
###
#.###....#..#.#
#...#..5@⌠#
#..###..∩.#
.....#..⌠.⌠#
####.#.######
#.## #.#
#.##########
#.##.......#
#.##.#####>#


You could see Grinder.

Vanquished Creatures
  A hound (D:2)
  4 adders
  3 bats
  6 endoplasms
  5 goblins
  3 hobgoblins
  3 jackals (D:3)
  3 quokkas
  5 ball pythons
  2 frilled lizards
  4 kobolds
  8 rats
47 creatures vanquished.

Notes
Turn   | Place    | Note
-------+----------+-------------------------------------------
     0 | D:1      | cforsyth the Minotaur Berserker began the quest for the
                  | Orb.
     0 | D:1      | Reached XP level 1. HP: 19/19 MP: 0/0
   282 | D:1      | Reached XP level 2. HP: 24/27 MP: 1/1
   693 | D:1      | Found a faded altar of an unknown god.
   952 | D:2      | Reached ** piety under Trog
   963 | D:2      | Reached XP level 3. HP: 24/33 MP: 2/2
  1138 | D:2      | Reached XP level 4. HP: 40/40 MP: 3/3
  2157 | D:3      | Found Vogrijor's Weapon Shoppe.
  2161 | D:3      | Noticed Grinder
  2162 | D:3      | Paralysed by Grinder for 2 turns
  2167 | D:3      | Paralysed by Grinder for 5 turns
  2178 | D:3      | HP: 1/41 [Grinder/nerve-wracking pain (2)]
  2179 | D:3      | Slain by Grinder

Illustrated notes

Levels and vault maps discovered:
D:1:      dpeg_arrival_short_road, layout_loops_ring,
          shapermc_ecumenical_altar_ellora, minmay_octomino_e4
D:2:      layout_loops_ring, amcnicky_mini_pool_small
D:3:      layout_loops_corners, nicolae_ru_the_path_less_chosen, serial_shops,
          shop_fountains, uniq_grinder

Skill      XL: |  1  2  3 |
---------------+----------+-----
Polearms       | 4 |  4.5
Fighting       | 4 |  4.5
Armour         | 3 |  3.5
Dodging        | 3 |  3.3

Action                   |  1- 3 |  4- 6 || total
-------------------------+-------+-------++-------
Melee: Spear             |    82 |    56 ||   138
       Headbutt          |     6 |     4 ||    10
       Punch             |       |     1 ||     1
Invok: Berserk           |       |     1 ||     1
 Stab: Sleeping          |     2 |     1 ||     3
Armor: Animal skin       |     8 |     4 ||    12
Dodge: Dodged            |    26 |    22 ||    48

Table legend: (Time is in decaauts)
 A = Elapsed time spent in this place.
 B = Non-inter-level travel time spent in this place.
 C = Inter-level travel time spent in this place.
 D = Time resting spent in this place.
 E = Time spent auto-exploring this place.
 F = Levels seen in this place.
 G = Mean time per level.
                   A        B        C        D        E       F      G
               +--------+--------+--------+--------+--------+-----+--------+
         Total |   2163 |   2073 |     90 |      0 |   1802 |   3 |  721.0 |
       Dungeon |   2163 |   2073 |     90 |      0 |   1802 |   3 |  721.0 |
               +--------+--------+--------+--------+--------+-----+--------+

Top non-repeatable levels by time:
     D:1: 780 daAuts
     D:2: 755 daAuts
     D:3: 627 daAuts
